Map: Coda LE (Void)

Players

DukeOfDangle

  • Race: Zerg Zerg

AgCl - Winner!

  • Race: Protoss Protoss

VOD

Have the link to the VOD?

Description

Time

  • Played on: May 3, 2015, 9:12 p.m.
  • Length: 17:15
Show
View Real Time Build Order
Export as new Build Order

DukeOfDangle Zerg 

Build Orders: Pool First, Lurkers 

Get SALT Encoding   

  12  0:01  Drone  
  13  0:12  Overlord  
  13  0:18  Drone  
  14  0:31  Drone  
  15  0:39  Spawning Pool  
  14  0:46  Drone  
  14  0:48  Drone  
  16  1:12  Hatchery  
  15  1:25  Queen  
  15  1:26  Zergling x2  
  15  1:28  Drone  
  19  1:36  Drone  
  19  1:39  Drone  
  21  1:53  Drone  
  22  2:13  Hatchery  
  22  2:14  Drone  
  21  2:23  Queen  
  21  2:26  Drone x2  
  21  2:27  Overlord  
  25  2:31  Drone  
  25  2:35  Drone  
  27  2:46  Drone  
  27  2:47  Drone x4  
  32  2:57  Queen  
  34  2:58  Drone  
  35  3:08  Drone, Extractor  
  35  3:09  Extractor  
  35  3:10  Drone  
  35  3:12  Overlord  
  35  3:24  Drone x2  
  35  3:25  Drone x2  
  39  3:29  Drone  
  39  3:32  Drone  
  41  3:39  Drone x2  
  41  3:40  Drone x3  
  41  3:41  Drone x2  
  47  3:42  Drone  
  49  3:53  Extractor  
  49  3:54  Extractor  
  49  3:55  Metabolic Boost  
  47  3:56  Drone  
  47  3:57  Drone  
  47  4:02  Overlord x3  
  49  4:19  Lair  
  49  4:23  Drone x4  
  49  4:24  Drone x3  
  56  4:30  Drone x2  
  58  4:32  Drone x2  
  58  4:34  Drone  
  58  4:38  Drone x2  
  63  4:43  Drone x2  
  63  4:45  Roach Warren  
  64  4:48  Drone  
  64  4:49  Evolution Chamber, Drone  
  64  4:50  Evolution Chamber  
  64  4:51  Drone x4  
  64  4:52  Drone  
  69  4:55  Extractor  
  69  4:56  Drone  
  69  4:59  Zergling x6  
  72  5:00  Zergling x2  
  72  5:03  Overlord  
  73  5:11  Overlord  
  73  5:12  Overlord  
  73  5:17  Zerg Missile Weapons Level 1, Zerg Ground Armor Level 1  
  73  5:25  Spore Crawler  
  66  5:30  Glial Reconstitution  
  61  5:37  Drone x7  
  61  5:38  Drone x7  
  73  5:45  Spore Crawler  
  73  5:47  Spore Crawler  
  70  5:50  Hydralisk Den  
  66  5:58  Drone x2  
  66  6:01  Drone  
  69  6:06  Pneumatized Carapace  
  69  6:07  Drone x2, Lurker Den  
  69  6:10  Extractor  
  70  6:15  Roach x5  
  70  6:16  Hatchery  
  79  6:23  Overlord x2  
  79  6:24  Drone  
  79  6:25  Drone  
  81  6:26  Overseer  
  81  6:36  Queen  
  81  6:38  Zergling x2  
  84  6:47  Roach  
  84  6:48  Roach x4  
  96  6:55  Roach x2  
  96  6:56  Roach x2  
  96  6:59  Roach  
  96  7:00  Roach  
  89  7:09  Roach x3  
  87  7:28  Overlord, Hydralisk x6  
  87  7:29  Hydralisk  
  101  7:34  Spore Crawler  
  101  7:35  Spore Crawler  
  97  7:51  Overseer  
  97  7:58  Spine Crawler x2  
  89  8:13  Hatchery  
  86  8:25  Spine Crawler  
  86  8:26  Spine Crawler  
  84  8:31  Drone x2  
  84  8:32  Zerg Ground Armor Level 2, Zerg Missile Weapons Level 2  
  86  8:35  Overseer  
  86  8:39  Ravager x2  
  86  8:40  Ravager x2  
  90  8:44  Overlord x3  
  90  8:47  Overlord x2  
  90  8:52  Overseer  
  90  9:02  Lurker x3  
  94  9:03  Lurker x2  
  94  9:08  Drone x4  
  94  9:09  Drone x7  
  107  9:10  Drone x4  
  110  9:22  Roach  
  110  9:23  Roach x3  
  118  9:39  Drone  
  118  9:40  Drone  
  120  9:46  Hydralisk  
  120  9:47  Hydralisk x5  
  132  9:56  Overlord x3  
  132  9:58  Overlord  
  132  10:00  Drone  
  133  10:20  Hatchery  
  132  10:24  Muscular Augments  
  132  10:39  Roach x3  
  132  10:41  Ravager  
  132  10:42  Ravager x7  
  147  10:43  Ravager x3, Zergling x2  
  147  10:44  Zergling x22  
  161  10:53  Queen  
  163  11:07  Overlord x5  
  138  11:50  Hydralisk x2  
  138  11:51  Hydralisk x13  
  132  12:09  Drone x2  
  132  12:10  Drone x3, Overlord x2  
  137  12:32  Spine Crawler  
  136  12:41  Spine Crawler  
  136  12:42  Spine Crawler  
  134  12:44  Spine Crawler  
  116  13:11  Hydralisk  
  116  13:12  Hydralisk x12  
  106  13:18  Queen  
  91  13:50  Roach x4  
  91  13:53  Hydralisk, Roach x2  
  91  13:54  Hydralisk x2, Roach  
  98  14:12  Drone  
  98  14:13  Drone  
  100  14:39  Hatchery  
  99  14:45  Hatchery  
  99  14:51  Roach  
  99  14:52  Hydralisk x2, Roach x3  
  110  15:15  Hydralisk x5  
  120  15:24  Overseer  
  120  15:34  Roach x4  
  128  15:38  Ravager x3  
  128  15:39  Ravager  
  128  15:40  Lurker  
  133  16:00  Extractor  
  133  16:01  Extractor  
  131  16:11  Roach  
  131  16:12  Roach x6  
  145  16:20  Overseer  
Show
View Real Time Build Order
Export as new Build Order

AgCl Protoss - Winner!

Build Orders: 1 Gate Expand 

Get SALT Encoding   

  12  0:04  Probe  
  13  0:16  Probe  
  14  0:28  Pylon  
  14  0:46  Probe (Chrono Boost)  
  16  0:58  Gateway, Probe (Chrono Boost)  
  16  1:04  Assimilator  
  16  1:05  Probe (Chrono Boost)  
  17  1:26  Nexus  
  17  1:27  Probe (Chrono Boost)  
  18  1:39  Probe (Chrono Boost)  
  19  1:46  Probe (Chrono Boost)  
  20  1:48  Cybernetics Core  
  20  1:51  Zealot  
  22  2:08  Gateway  
  22  2:17  Pylon  
  22  2:29  Pylon  
  23  2:37  Probe (Chrono Boost)  
  23  2:40  Probe (Chrono Boost), Pylon  
  24  2:48  Probe (Chrono Boost)  
  24  2:50  Probe (Chrono Boost)  
  26  2:56  Probe (Chrono Boost)  
  28  3:04  Stargate  
  27  3:06  Probe (Chrono Boost)  
  29  3:15  Warp Gate  
  29  3:17  Probe (Chrono Boost)  
  29  3:18  Probe (Chrono Boost)  
  30  3:23  Assimilator  
  30  3:26  Probe (Chrono Boost)  
  32  3:28  Probe (Chrono Boost)  
  32  3:33  Probe (Chrono Boost)  
  33  3:37  Probe (Chrono Boost)  
  34  3:45  Mothership Core (Chrono Boost)  
  37  3:52  Probe (Chrono Boost), Pylon, Assimilator  
  37  3:56  Assimilator  
  37  3:59  Probe x2  
  39  4:07  Oracle (Chrono Boost)  
  42  4:11  Probe (Chrono Boost)  
  42  4:13  Probe (Chrono Boost)  
  44  4:22  Stalker  
  44  4:23  Probe (Chrono Boost)  
  48  4:24  Probe (Chrono Boost)  
  50  4:31  Probe (Chrono Boost)  
  50  4:33  Probe (Chrono Boost)  
  50  4:36  Twilight Council  
  50  4:40  Probe (Chrono Boost)  
  50  4:45  Probe (Chrono Boost)  
  52  4:47  Probe (Chrono Boost)  
  52  4:52  Nexus  
  53  4:56  Gateway, Probe  
  55  5:10  Gateway  
  54  5:14  Forge  
  54  5:19  Pylon  
  54  5:22  Probe  
  54  5:23  Dark Shrine  
  55  5:35  Probe  
  56  5:42  Zealot  
  56  5:43  Zealot  
  56  5:46  Probe  
  61  5:56  Photon Cannon  
  61  5:58  Assimilator  
  61  5:59  Probe (Chrono Boost)  
  61  6:02  Probe (Chrono Boost), Protoss Ground Weapons Level 1 (Chrono Boost), Assimilator  
  61  6:03  Charge (Chrono Boost)  
  63  6:09  Probe (Chrono Boost)  
  64  6:11  Probe (Chrono Boost)  
  64  6:12  Pylon  
  64  6:14  Void Ray (Chrono Boost)  
  71  6:18  Stalker  
  71  6:19  Probe (Chrono Boost), Zealot  
  71  6:20  Zealot  
  71  6:21  Probe (Chrono Boost)  
  77  6:32  Gateway, Probe (Chrono Boost)  
  78  6:34  Gateway  
  78  6:37  Probe (Chrono Boost)  
  79  6:46  Dark Templar x4  
  77  7:20  Probe x2 (Chrono Boost)  
  69  7:43  Dark Templar x4  
  75  7:53  Probe (Chrono Boost)  
  75  7:57  Probe (Chrono Boost)  
  78  7:59  Probe (Chrono Boost), Pylon  
  78  8:02  Probe (Chrono Boost)  
  78  8:05  Dark Templar, Zealot  
  70  8:14  Dark Templar x2  
  70  8:16  Zealot x2  
  70  8:17  Protoss Ground Weapons Level 2 (Chrono Boost)  
  70  8:20  Probe (Chrono Boost)  
  70  8:21  Probe (Chrono Boost)  
  71  8:27  Probe (Chrono Boost), Gateway  
  71  8:31  Gateway  
  71  8:32  Mothership Core (Chrono Boost), Gateway  
  74  8:34  Templar Archives  
  74  8:35  Pylon  
  74  8:37  Probe (Chrono Boost), Protoss Air Weapons Level 1 (Chrono Boost)  
  74  8:39  Probe (Chrono Boost)  
  74  8:41  Void Ray (Chrono Boost)  
  79  8:42  Stargate  
  79  8:44  Probe  
  79  8:46  Probe  
  79  8:47  Pylon  
  81  8:50  Pylon  
  81  8:56  Dark Templar, Pylon  
  81  8:57  Pylon  
  81  8:58  Zealot x3  
  81  8:59  Photon Cannon  
  81  9:00  Archon  
  81  9:01  Fleet Beacon, Pylon, Archon  
  89  9:03  Probe  
  90  9:11  Photon Cannon  
  90  9:14  Psionic Storm  
  90  9:15  Pylon  
  90  9:21  Zealot  
  92  9:25  Void Ray (Chrono Boost)  
  96  9:38  Gateway, Pylon x2  
  96  9:39  Stargate  
  96  9:40  Carrier (Chrono Boost)  
  96  9:44  Carrier (Chrono Boost)  
  108  10:06  Carrier (Chrono Boost)  
  108  10:07  Zealot  
  108  10:08  Zealot x3  
  116  10:23  Gateway  
  116  10:26  Protoss Air Weapons Level 2  
  122  10:30  Protoss Ground Weapons Level 3 (Chrono Boost)  
  114  10:43  Zealot, Carrier x2 (Chrono Boost)  
  128  11:09  Robotics Facility, Assimilator  
  128  11:11  Carrier (Chrono Boost)  
  128  11:12  Assimilator  
  128  11:14  Pylon  
  128  11:17  Pylon, High Templar  
  108  11:47  Dark Templar x2  
  104  11:57  Observer (Chrono Boost)  
  97  12:10  Nexus  
  97  12:13  Pylon  
  97  12:18  Zealot x4  
  105  12:25  Nexus  
  105  12:27  Photon Cannon  
  105  12:29  Pylon, Photon Cannon  
  97  13:04  Carrier (Chrono Boost)  
  85  13:16  Zealot x3  
  85  13:17  Zealot x2  
  85  13:18  Zealot  
  103  13:33  Carrier (Chrono Boost)  
  103  13:46  Carrier (Chrono Boost)  
  87  14:12  High Templar x2  
  87  14:13  High Templar x2  
  87  14:16  Probe x2 (Chrono Boost)  
  97  14:23  Probe (Chrono Boost)  
  99  14:28  Probe (Chrono Boost)  
  99  14:29  Photon Cannon  
  99  14:33  Carrier (Chrono Boost)  
  99  14:34  Zealot x2  
  105  14:50  Protoss Shields Level 1 (Chrono Boost)  
  105  15:00  Gateway x2  
  105  15:01  Photon Cannon  
  105  15:02  Pylon  
  105  15:09  Observer (Chrono Boost)  
  106  15:15  Nexus  
  106  15:18  Pylon  
  106  15:19  Pylon  
  106  15:23  Warp Prism (Chrono Boost)  
  108  15:33  Carrier (Chrono Boost)  
  108  15:34  Graviton Catapult (Chrono Boost)  
  108  15:47  Zealot  
  108  15:48  Zealot  
  116  16:06  Zealot x3  
  116  16:07  Zealot  
  116  16:08  Pylon  
  116  16:10  High Templar  
  126  16:11  Photon Cannon  
  122  16:57  Dark Templar x2  
  122  16:58  Zealot x2  
  122  16:59  Zealot x2  
  132  17:07  Probe (Chrono Boost)  
Tags
 
Add a new tag
Caveats
  • Supply blocks, unpowered buildings, or Contaminate may cause inaccurate times.
  • Supply counts are checked every 10 seconds.